 Dungeon Sprint DCSS version 0.30.1-11-g7821555f0a (webtiles) character file.

Game seed: 9065875066965868092

10341 Groucho the Unseen (level 11, -14/64 HPs)
             Began as a Spriggan Enchanter on Dec 14, 2023.
             Was a High Priest of Dithmenos.
             Succumbed to a death drake's dark miasma
             ... in the Dungeon (Sprint II: "The Violet Keep of Menkaure").
             The game lasted 00:11:35 (1434 turns).

Groucho the Unseen (Spriggan Enchanter)             Turns: 1434, Time: 00:11:35

Health: -14/64     AC:  2    Str:  4    XL:     11   Next: 34%
Magic:  23/28      EV: 19    Int: 24    God:    Dithmenos [*****.]
Gold:   930        SH:  0    Dex: 15    Spells: 18/34 levels left

rFire   + . .        a - +1 dagger
rCold   . . .        (no shield)
rNeg    . . .        b - +0 robe
rPois   .            (helmet restricted)
rElec   .            (no cloak)
rCorr   .            (gloves unavailable)
SInv    +            (boots unavailable)
Will    +....        (no amulet)
Stlth   +++++++++    e - ring "Tadeod" {Fly rF+ Int+2 Slay+2}
HPRegen 0.30/turn    (no ring)
MPRegen 0.21/turn

%: no teleportation
@: lethally poisoned (-14 -> -66), flying, slowed, wreathed by umbra, quick
A: very small, no large weapons, unfitting armour, see invisible, speed 3
a: Renounce Religion, Shadow Step, Shadow Form


You were in the Dungeon.
You worshipped Dithmenos.
Dithmenos was extremely pleased with you.
You visited 1 branch You collected 1763 gold pieces.
You spent 833 gold pieces at shops.

Inventory:

Hand Weapons
 a - a +1 dagger (weapon)
Armour
 b - a +0 robe (worn)
Jewellery
 e - the ring "Tadeod" (left hand) {Fly rF+ Int+2 Slay+2}
   (You bought it in a shop in the Dungeon)

   [ring of protection from fire]

   Int:       It affects your intelligence (+2).
   Slay:      It affects your accuracy & damage with ranged weapons and melee
   (+2).
   rF:        It protects you from fire.
   Fly:       It grants you flight.
Scrolls
 f - a scroll of silence {unknown}
Potions
 g - 2 potions of magic
 h - a potion of berserk rage


   Skills:
 + Level 10.4 Fighting
 - Level 10.0 Short Blades
 - Level 5.0 Dodging
 - Level 15.0 Stealth
 - Level 12.0 Spellcasting
 - Level 10.0 Conjurations
 - Level 14.0 Hexes
 - Level 10.0 Earth Magic


You had 18 spell levels left.
You knew the following spells:

 Your Spells              Type           Power      Damage    Failure   Level
a - Ensorcelled Hibernat  Hex/Ice        96%        N/A       1%          2
b - Confusing Touch       Hex            69%        N/A       1%          3
c - Dazzling Flash        Conj/Hex       100%       N/A       1%          3
d - Tukima's Dance        Hex            69%        N/A       1%          3
e - Passwall              Tmut/Erth      31%        N/A       1%          2
f - Stone Arrow           Conj/Erth      100%       3d13      1%          3

Your spell library contained the following spells:

 Spells                   Type           Power      Damage    Failure   Level
 Sandblast                Erth           100%       2d20      1%          1


Dungeon Overview and Level Annotations

Branches:
Dungeon (1/1)

Altars:
Cheibriados
Dithmenos
Elyvilon
Fedhas
Gozag
Hepliaklqana
Kikubaaqudgha
Makhleb
Nemelex Xobeh
Okawaru
Qazlal
Ru
Sif Muna
Trog
Uskayaw
Vehumet
Wu Jian
Xom
Yredelemnul
Zin
The Shining One
Jiyva
Lugonu

Shops:
D :=:[=(![[?(!(!=

Annotations:
D exclusion: oklob plant, Roxanne


Innate Abilities, Weirdness & Mutations

You are very small and have problems with some larger weapons.
You are too small for most types of armour.
You have supernaturally acute eyesight. (SInv)
You cover ground extremely quickly. (Speed+++)


Message History

You are too confused!
Okay, then.
Unknown command.
Unknown command.
You bump into the stone wall.
You feel less confused.
Casting: Passwall (safe; 1% risk of failure)
Confirm with . or Enter, or press ? or * to list all spells.
Aiming: Ensorcelled Hibernation (safe; 1% risk of failure)
Press: ? - help, Shift-Dir - straight line, f - death drake
Aim: a death drake (umbra, chance to affect: 53%)
The death drake resists with significant effort.
The death drake breathes miasma at you. The foul vapour engulfs you!!
You are poisoned.
Casting: Ensorcelled Hibernation (safe; 1% risk of failure)
Confirm with . or Enter, or press ? or * to list all spells.
Aiming: Ensorcelled Hibernation (safe; 1% risk of failure)
Press: ? - help, Shift-Dir - straight line, f/p - death drake
Aim: a death drake (umbra, chance to affect: 53%)
The death drake resists with significant effort.
You are engulfed in dark miasma.
You are lethally poisoned!
You feel yourself slow down.
You feel extremely sick.
Unknown command.
Unknown command.
Casting: Ensorcelled Hibernation (safe; 1% risk of failure)
Confirm with . or Enter, or press ? or * to list all spells.
Aiming: Ensorcelled Hibernation (safe; 1% risk of failure)
Press: ? - help, Shift-Dir - straight line, f/p - death drake
Aim: a death drake (foul pestilence, umbra, chance to affect: 53%)
The death drake looks drowsy...
You are engulfed in dark miasma.
You are more poisoned.
* * * LOW HITPOINT WARNING * * *
You feel extremely sick.
Unknown command.
Unknown command.
Okay, then.
You die...

.§§§§~~..##§...###
~##.~~§~§§##)§.....#
~~#+++#+++#####....# ##
~~.........#..'....# k#
~~~.##+##..#..####.# .# ~~M##
####.####[.'^##k# )▓!(?$?($
~~~#.##..#....#†.#...####▓$$!!=((
~####...####..#####k.##.#▓?!)!![[
##.###'###.##..#@○k..#..#▓$!)$![?
#...##.##.#.#..#..#.^#.)#▓[?)($(|
†.##'.<.'###'..####°°##.#▓$?$?[!!
#...##.##.#.#....###°°.##▓▓▓▓▓▓▓+
##.###'###.##§.....~~~~~~~~~~~~~w
~####.#.####~~.....~#'########'##
~~~#.†#..#~~~~~~~..~#..._._._#~~~
+#~##.#.##~~~~§~~§§~#_._._._.#§~≈
~~##+##~~~≈§§~~~~~#._._._._#§§§


You could see a death drake (asleep) and a swamp drake.

Vanquished Creatures
  2 sphinxes (D)
  A deep elf master archer (D)
  2 boulder beetles (D)
  A death yak (D)
  2 hell hogs (D)
  An iron elemental (D)
  2 deep trolls (D)
  A yaktaur (D)
  3 polar bears (D)
  A hornet (D)
  2 wyverns (D)
  4 neqoxecs (D)
  Menkaure (D)
  3 water moccasins (D)
  4 necrophages (D)
30 creatures vanquished.

Vanquished Creatures (others)
  A water moccasin (D)
  34 tentacles (D)
35 creatures vanquished.

Grand Total: 65 creatures vanquished

Notes
Turn   | Place    | Note
-------+----------+-------------------------------------------
     0 | D        | Groucho the Spriggan Enchanter began the quest for the Orb.
     0 | D        | Reached XP level 1. HP: 9/9 MP: 5/5
     3 | D        | Noticed a neqoxec
     3 | D        | Noticed a neqoxec
     3 | D        | Noticed a neqoxec
     3 | D        | Noticed a neqoxec
     6 | D        | Noticed a wyvern
     6 | D        | Noticed a wyvern
     9 | D        | Noticed a boulder beetle
     9 | D        | Noticed a boulder beetle
    12 | D        | Noticed a necrophage
    12 | D        | Noticed a necrophage
    12 | D        | Noticed a necrophage
    12 | D        | Noticed a necrophage
    17 | D        | Found Moosh's Jewellery Shop.
    23 | D        | Killed a necrophage
    24 | D        | Reached skill level 6 in Stealth
    24 | D        | Reached skill level 5 in Hexes
    24 | D        | Reached XP level 2. HP: 10/16 MP: 5/8
    24 | D        | Reached XP level 3. HP: 12/19 MP: 6/10
    43 | D        | Killed a necrophage
    44 | D        | Reached skill level 5 in Dodging
    44 | D        | Reached skill level 8 in Stealth
    44 | D        | Reached skill level 5 in Spellcasting
    44 | D        | Reached XP level 4. HP: 8/24 MP: 8/12
    45 | D        | Found Giss's Distillery.
    46 | D        | Found Ludwom's Magic Scroll Shop.
    46 | D        | Found Idoif's Distillery.
    46 | D        | Found Qidyem's Armour Boutique.
    46 | D        | Found Yxyjiahu's Antique Armour Shop.
    46 | D        | Found Luer's Weapon Shop.
    46 | D        | Found Fonuab's Distillery.
    48 | D        | Killed a necrophage
    49 | D        | Reached skill level 5 in Short Blades
    49 | D        | Reached skill level 10 in Stealth
    49 | D        | Reached XP level 5. HP: 10/30 MP: 8/13
    52 | D        | Reached skill level 5 in Fighting
    52 | D        | Reached skill level 12 in Stealth
    52 | D        | Found Tixenig's Weapon Boutique.
    52 | D        | Found Siodweb's Jewellery Shop.
    52 | D        | Found Potut's Antique Armour Boutique.
    52 | D        | Found Viyporyv's Antique Weapon Shop.
    62 | D        | Killed a neqoxec
    63 | D        | Reached skill level 15 in Stealth
    63 | D        | Reached XP level 6. HP: 14/35 MP: 9/14
    64 | D        | Killed a neqoxec
    66 | D        | Killed a neqoxec
    67 | D        | Reached XP level 7. HP: 16/39 MP: 9/15
    68 | D        | Killed a neqoxec
    77 | D        | Killed a wyvern
    81 | D        | Killed a wyvern
    82 | D        | Reached XP level 8. HP: 20/43 MP: 11/16
    88 | D        | Killed a boulder beetle
    89 | D        | Reached skill level 10 in Short Blades
    96 | D        | Killed a boulder beetle
    97 | D        | Reached XP level 9. HP: 25/47 MP: 12/25
   100 | D        | Learned a level 2 spell: Ensorcelled Hibernation
   104 | D        | Learned a level 3 spell: Confusing Touch
   108 | D        | Learned a level 3 spell: Dazzling Flash
   112 | D        | Learned a level 3 spell: Tukima's Dance
   120 | D        | Found Yfirooc's Book Shop.
   120 | D        | Found Quri's Jewellery Boutique.
   120 | D        | Noticed Menkaure
   121 | D        | Noticed an oklob plant
   122 | D        | Found Isa Ymaeck's Book Shoppe.
   124 | D        | Noticed a great orb of eyes
   129 | D        | Noticed a shining eye
   129 | D        | Noticed a shining eye
   143 | D        | Bought the ring "Tadeod" {Fly rF+ Int+2 Slay+2} for 653
                  | gold pieces
   146 | D        | Bought a book of Geomancy for 180 gold pieces
   163 | D        | Killed Menkaure
   167 | D        | Learned a level 2 spell: Passwall
   171 | D        | Learned a level 3 spell: Stone Arrow
   185 | D        | Found a glowing golden altar of the Shining One.
   185 | D        | Found an ornate altar of the Wu Jian Council.
   186 | D        | Found a shimmering altar of Xom.
   186 | D        | Found a sacrificial altar of Ru.
   186 | D        | Found a stormy altar of Qazlal.
   187 | D        | Found a basalt altar of Yredelemnul.
   187 | D        | Found a shimmering blue altar of Sif Muna.
   187 | D        | Found a viscous altar of Jiyva.
   188 | D        | Found a glowing silver altar of Zin.
   188 | D        | Found a bloodstained altar of Trog.
   188 | D        | Found an ancient bone altar of Kikubaaqudgha.
   189 | D        | Found a hide-covered altar of Uskayaw.
   189 | D        | Found a corrupted altar of Lugonu.
   189 | D        | Found a shadowy altar of Dithmenos.
   190 | D        | Found a radiant altar of Vehumet.
   190 | D        | Found a burning altar of Makhleb.
   190 | D        | Found a white marble altar of Elyvilon.
   191 | D        | Found a sparkling altar of Nemelex Xobeh.
   191 | D        | Found a blossoming altar of Fedhas.
   193 | D        | Found an iron altar of Okawaru.
   193 | D        | Found an opulent altar of Gozag.
   193 | D        | Found a hazy altar of Hepliaklqana.
   193 | D        | Found a snail-covered altar of Cheibriados.
   201 | D        | Became a worshipper of Dithmenos the Shadowed
   213 | D        | Noticed a hell hog
   214 | D        | Noticed a hell hog
   215 | D        | Killed a hell hog
   216 | D        | Reached skill level 5 in Conjurations
   217 | D        | Killed a hell hog
   226 | D        | Noticed a death yak
   228 | D        | Killed a death yak
   228 | D        | Reached * piety under Dithmenos
   229 | D        | Reached skill level 5 in Earth Magic
   229 | D        | Reached XP level 10. HP: 51/51 MP: 27/27
   236 | D        | Noticed a deep elf master archer
   241 | D        | Killed a deep elf master archer
   248 | D        | Noticed an iron elemental
   255 | D        | Killed an iron elemental
   256 | D        | Reached skill level 10 in Earth Magic
   278 | D        | Reached ** piety under Dithmenos
   295 | D        | Reached *** piety under Dithmenos
   640 | D        | Noticed an orange crystal statue
   659 | D        | Identified Roxanne's Papyrus of Changes
   659 | D        | Noticed Roxanne
   887 | D        | Noticed a deep troll
   887 | D        | Noticed a deep troll
   890 | D        | Killed a deep troll
   890 | D        | Reached **** piety under Dithmenos
   891 | D        | Reached skill level 10 in Conjurations
   891 | D        | Killed a deep troll
   892 | D        | Reached XP level 11. HP: 58/58 MP: 28/28
   912 | D        | Noticed a sphinx
   913 | D        | Noticed a sphinx
   915 | D        | Killed a sphinx
   916 | D        | Killed a sphinx
   916 | D        | Reached ***** piety under Dithmenos
   917 | D        | Reached skill level 10 in Fighting
   946 | D        | Noticed a kraken
  1424 | D        | Noticed a death drake
  1433 | D        | HP: 2/64 [poisoned by a death drake (dark miasma)]
  1434 | D        | Succumbed to a death drake's dark miasma

Illustrated notes

Levels and vault maps discovered:
D:        the_violet_keep_of_menkaure [sprint2_stairs_cluster_1,
          sprint2_shoproom, sprint2_temple, sprint2_basic_supplies,
          sprint2_obstacle_4, sprint2_obstacle_1, sprint2_obstacle_6,
          sprint2_obstacle_2, sprint2_obstacle_5, sprint2_timed_cluster_1,
          sprint2_smallroom_cluster_1, sprint2_smallroom_final_cluster_1,
          sprint2_transparent_cluster_1, sprint2_second_timed_cluster_1,
          sprint2_sniper_area_1, sprint2_heavy_combat_area_1,
          sprint2_mutation_trap_area_1, sprint2_forest_area_1,
          sprint2_light_combat_area_1, sprint2_behind_water_1,
          sprint2_near_end_vault_1]

Skill      XL: |  1  2  3  4  5  6  7  8  9 10 11 |
---------------+----------------------------------+-----
Fighting       | 2 3 4 5 7 10 | 10.4
Short Blades   | 3 4 5 10 | 10.0
Dodging        | 4 5 |  5.0
Stealth        | 6 8 10 15 | 15.0
Spellcasting   | 4 5 11 12 | 12.0
Hexes          | 5 6 11 14 | 14.0
Conjurations   | 7 10 | 10.0
Earth Magic    | 5 10 | 10.0

Action                     |  1- 3 |  4- 6 |  7- 9 | 10-12 || total
---------------------------+-------+-------+-------+-------++-------
  Melee: Dagger            |    27 |    10 |    10 |    29 ||    76
   Cast: Confusing Touch   |       |       |     1 |     1 ||     2
         Stone Arrow       |       |       |       |    19 ||    19
         Ensorcelled Hiber |       |       |       |     7 ||     7
         Passwall          |       |       |       |     2 ||     2
    Use: Potion            |     3 |       |       |     2 ||     5
         Scroll            |       |       |       |     1 ||     1
   Stab: Invisible         |     3 |     3 |       |     3 ||     9
         Sleeping          |     1 |     3 |     8 |    13 ||    25
         Confused          |       |       |       |     2 ||     2
 Armour: Robe              |     1 |       |       |       ||     1
  Dodge: Dodged            |    17 |     1 |       |    16 ||    34
